 Dungeon Crawl Stone Soup version 0.18.1-8-gdd0e5ea (console) character file.

114 Kloppie the Chopper (level 4, -1/40 HPs)
             Began as a Hill Orc Gladiator on June 8, 2016.
             Slain by an iguana (7 damage)
             ... on level 4 of the Dungeon.
             The game lasted 00:03:23 (1975 turns).

Kloppie the Chopper (Hill Orc Gladiator)            Turns: 1975, Time: 00:03:23

Health: -1/40      AC:  7    Str: 17    XL:     4   Next: 97%
Magic:  4/4        EV:  5    Int:  8    God:
Gold:   31         SH:  0    Dex: 12    Spells: 0 memorised, 3 levels left

rFire  . . .     SeeInvis .     a - +0 war axe
rCold  . . .     Gourm    .     j - +0 scale mail
rNeg   . . .     Faith    .     (no shield)
rPois  .         Spirit   .     c - +0 helmet
rElec  .         Dismiss  .     (no cloak)
rCorr  .         Reflect  .     (no gloves)
SustAt .         Harm     .     (no boots)
MR     .....                    (no amulet)
Stlth  ..........               (no ring)
                                (no ring)

@: lethally poisoned (-1 -> -4), not resistant to hostile enchantments,
extremely unstealthy
A: no striking features
a: no special abilities


You were on level 4 of the Dungeon.
You were not hungry.

You visited 1 branch of the dungeon, and saw 3 of its levels.

You collected 31 gold pieces.

Inventory:

Hand Weapons
 a - a +0 war axe (weapon)
Missiles
 d - 2 throwing nets (quivered)
Armour
 c - a +0 helmet (worn)
 j - a +0 scale mail (worn)
Jewellery
 p - an uncursed ring of protection from cold {unknown}
Scrolls
 e - a scroll of magic mapping {unknown}
 h - 2 scrolls of teleportation {unknown}
 i - a scroll of amnesia {unknown}
 n - a scroll of identify {unknown}
 q - a scroll of immolation {unknown}
Potions
 b - a potion of curing {unknown}
 g - a potion of experience {unknown}
 k - a potion of magic {unknown}
 l - a potion of flight {unknown}
 o - a potion of mutation {unknown}
 r - a potion of agility {unknown}
 s - a potion of beneficial mutation {unknown}
Comestibles
 f - a bread ration
 m - a beef jerky
 t - 2 chunks of flesh
 u - a slice of pizza


   Skills:
 + Level 3.7 Fighting
 + Level 5.3 Axes
 - Level 1.7 Throwing
 + Level 2.9 Armour
 - Level 2.4 Dodging


You had 3 spell levels left.
You didn't know any spells.

Dungeon Overview and Level Annotations

Branches:
Dungeon (2/15)

Altars:


Message History

The worker ant is almost dead.
You feel sick.
The worker ant bites you but does no damage. x2
You hit the worker ant.
You kill the worker ant!
You feel sick. The iguana bites you!
* * * LOW HITPOINT WARNING * * *
You are too injured to fight recklessly!
You are too injured to fight recklessly!
You are too injured to fight recklessly!
You slash the iguana!
The iguana is severely wounded.
The iguana bites you!
* * * LOW HITPOINT WARNING * * *
You feel sick.
An orc comes into view. It is wielding a mace.
You feel sick.
There is a stone staircase leading up here.
The iguana bites you!
You die...

#o# #.#
#.#######
####oo.....#
#....o..##.#
#o##o##.#
#s##.# ...
#l##.. ##.#
#@##.## #
#.##..
#.....
######


You could see an iguana, an orc and a giant cockroach.

Vanquished Creatures
  Terence (D:2)
  A worker ant (D:4)
  3 adders (D:2)
  4 worms (D:2)
  A dart slug (D:1)
  2 goblins (D:1)
  5 hobgoblins
  5 bats
  2 giant newts (D:2)
  3 kobolds
  4 rats
31 creatures vanquished.

Notes
Turn   | Place    | Note
--------------------------------------------------------------
     0 | D:1      | Kloppie the Hill Orc Gladiator began the quest for the Orb.
     0 | D:1      | Reached XP level 1. HP: 18/18 MP: 1/1
   563 | D:1      | Reached XP level 2. HP: 22/25 MP: 2/2
   769 | D:1      | Reached skill level 1 in Armour
  1204 | D:2      | Reached XP level 3. HP: 22/30 MP: 3/3
  1245 | D:2      | Noticed Terence
  1267 | D:2      | Killed Terence
  1267 | D:2      | Reached XP level 4. HP: 15/38 MP: 4/4
  1508 | D:2      | Reached skill level 5 in Axes
  1943 | D:2      | You fall through a shaft for 2 floors!
  1975 | D:4      | Slain by an iguana

Skill      XL: |  1  2  3  4 |
---------------+-------------+-----
Armour         | 1 2 |  2.9
Fighting       | 3 |  3.7
Axes           | 5 |  5.3
Throwing       | |  1.7
Dodging        | |  2.4

Action                   |  1- 3 |  4- 6 || total
-------------------------+-------+-------++-------
Melee: War axe           |    53 |    53 ||   106
Throw: Throwing net      |     3 |       ||     3
 Stab: Held in net/web   |     1 |       ||     1
  Eat: Chunk             |     1 |     2 ||     3
Armor: Ring mail         |    10 |       ||    10
       Leather armour    |     5 |       ||     5
       Scale mail        |     7 |    24 ||    31
Dodge: Dodged            |    23 |    37 ||    60
